AoeStats
← 极地沙尘暴

Black Forest

509625074Analyzed
2v2 RM · 4d ago on Sep 27, 2026· 51m 43s· 4 players
Game mode
Random Map
Map size
Medium (4 player)
Population
200
Speed
Normal
Resources
Standard
Victory
Conquest
Starting age
Dark Age
Ending age
Imperial Age
RankedLock teamsTeams togetherTeam positionsShared explorationLock speedFull tech treeHidden civsTurbo modeCheats
Victory
Defeat
🇩🇪 Wei · Germany
1377
+14
1376
+14
🇨🇳 Bulgarians · China
1344
-14
🇨🇳 Burgundians · China
1322
-14
剃刀割猪头
1:48 Loom
7:04 Double-Bit Axe
10:34 Wheelbarrow
12:37 Feudal Age
10:55 Horse Collar
13:59 Bow Saw
15:18 Gold Mining
16:03 Heavy Plow
19:33 Castle Age
17:56 Scale Mail Armor
19:07 Gold Shaft Mining
18:50 Forging
19:52 Fletching
29:49 Elite Skirmisher
30:56 Bodkin Arrow
31:02 Padded Archer Armor
42:26 Squires
43:31 Chain Mail Armor
44:37 Ballistics
45:59 Hand Cart
46:46 Arson
49:51 Iron Casting
49:52 Coinage
53:41 Imperial Age
极地沙尘暴
0:49 Loom
12:02 Feudal Age
13:14 Double-Bit Axe
15:33 Castle Age
13:49 Horse Collar
16:49 Bow Saw
23:13 Wheelbarrow
23:57 Gold Mining
25:24 Hand Cart
29:45 Imperial Age
29:00 Scale Barding Armor
29:06 Forging
30:05 Chain Barding Armor
29:40 Stone Mining
31:03 Plate Barding Armor
31:04 Iron Casting
30:42 Bloodlines
30:33 Husbandry
30:10 Cavalier
31:45 Stirrups
32:11 Conscription
34:37 Blast Furnace
35:09 Light Cavalry
37:14 Elite Konnik
38:48 Hussar
39:08 Onager
41:40 Ballistics
42:21 Chemistry
41:52 Scale Mail Armor
43:29 Chain Mail Armor
44:31 Squires
44:17 Gambesons
45:34 Bagains
45:12 Capped Ram
46:40 Plate Mail Armor
46:18 Pikeman
46:55 Fletching
47:55 Siege Ram
50:46 Halberdier
JJOkocha
1:33 Loom
10:21 Feudal Age
11:20 Double-Bit Axe
11:17 Horse Collar
16:47 Castle Age
17:40 Bow Saw
17:33 Heavy Plow
20:15 Wheelbarrow
25:33 Scale Barding Armor
25:39 Forging
26:24 Bloodlines
26:14 Husbandry
26:55 Chain Barding Armor
26:56 Hand Cart
27:06 Gold Mining
27:06 Stone Mining
28:23 Iron Casting
27:57 Town Watch
31:45 Imperial Age
33:29 Blast Furnace
32:23 Heavy Hei Guang Cavalry
34:22 Conscription
34:57 Masonry
34:27 Treadmill Crane
35:48 Chemistry
35:09 Ballistics
34:56 Pikeman
35:37 Squires
35:57 Halberdier
37:28 Scale Mail Armor
39:15 Chain Mail Armor
42:49 Ming Guang Armor
44:23 Fletching
44:07 Elite Tiger Cavalry
46:53 Murder Holes
46:55 Bodkin Arrow
48:04 Parthian Tactics
47:45 Thumb Ring
47:41 Bracer
47:42 Padded Archer Armor
VENÓN ‎| SEVOVENON
8:18 Loom
10:24 Feudal Age
11:30 Double-Bit Axe
12:13 Loom
14:48 Castle Age
13:40 Gold Mining
13:59 Horse Collar
15:00 Fletching
17:55 Crossbowman
19:20 Bodkin Arrow
20:08 Padded Archer Armor
23:41 Ballistics
23:47 Leather Archer Armor
27:12 Squires
26:34 Pikeman
36:33 Wheelbarrow
37:25 Bow Saw
37:55 Heavy Plow
39:36 Hand Cart
39:12 Town Watch
40:21 Forging
40:12 Scale Mail Armor
44:39 Imperial Age
42:43 Thumb Ring
42:48 Stone Mining
45:44 Conscription
46:29 Chemistry
45:31 Bracer
44:55 Arbalester
44:58 Halberdier
46:21 Ring Archer Armor
45:57 Town Patrol
46:40 Chain Mail Armor
47:08 Iron Casting
46:52 Masonry
47:13 Wootz Steel
49:11 Two-Man Saw
49:15 Scale Barding Armor
50:12 Blast Furnace
Connection lost

Rejoining the realm…

Still unreachable

The connection could not be restored.

Session expired

The server has moved on; the page needs a fresh start.